 Dungeon Crawl Stone Soup version 0.22-a0-44-geb883ae (console) character file.

47990 puck the Warrior (level 14, -14/136 HPs)
             Began as a Minotaur Berserker on Jan 5, 2018.
             Was the Champion of Trog.
             Demolished by a deep troll shaman (29 damage)
             ... on level 15 of the Dungeon on Jan 8, 2018.
             The game lasted 02:26:16 (18922 turns).

puck the Warrior (Minotaur Berserker)              Turns: 18922, Time: 02:26:16

Health: -14/136    AC: 22    Str: 24    XL:     14   Next: 10%
Magic:  13/13      EV: 11    Int:  5    God:    Trog [******]
Gold:   1647       SH:  0    Dex: 12    Spells: 13/13 levels left

rFire    + . .     SeeInvis .   a - +1 morningstar (elec)
rCold    . . .     Gourm    .   (no shield)
rNeg     . . .     Faith    .   W - +1 plate armour
rPois    +         Spirit   .   (helmet restricted)
rElec    .         Reflect  .   x - +0 cloak
rCorr    .         Harm     .   A - +3 pair of gauntlets of War {Slay+5}
MR       +....                  (no boots)
Stlth    ..........             s - amulet of regeneration
HPRegen  0.72/turn              U - ring of poison resistance
MPRegen  0.13/turn              L - ring of protection from fire

@: about to teleport, berserk cooldown, very slightly contaminated, hasted and
slowed
A: retaliatory headbutt, horns 2
a: Berserk, Trog's Hand, Brothers in Arms, Burn Spellbooks, Renounce Religion


You were on level 15 of the Dungeon.
You worshipped Trog.
Trog was exalted by your worship.
You were not hungry.

You visited 3 branches of the dungeon, and saw 18 of its levels.

You collected 1647 gold pieces.

Inventory:

Hand Weapons
 a - a +1 morningstar of electrocution (weapon)
 b - a +3 antimagic great mace
Missiles
 k - 13 tomahawks (quivered)
 F - 3 steel javelins
 X - 5 poisoned tomahawks
Armour
 x - a +0 cloak (worn)
 A - the +3 pair of gauntlets of War (worn) {Slay+5}
   (You found it on level 5 of the Dungeon)

   It affects your accuracy and damage with ranged weapons and melee attacks
   (+5).
 W - a +1 plate armour (worn)
 Z - a +0 ring mail of cold resistance
Jewellery
 i - a +6 ring of intelligence {unknown}
 s - an amulet of regeneration (around neck)
 t - an uncursed ring of resist corrosion
 v - an uncursed amulet of the gourmand
 w - an uncursed ring of fire
 B - an uncursed ring of positive energy
 L - a ring of protection from fire (right hand)
 M - an uncursed amulet of rage
 T - the ring "Zit Xyax" {+Fly SInv}
   (You took it off a wight on level 10 of the Dungeon)

   [ring of flight]

   It lets you see invisible.
   It lets you fly.
 U - a ring of poison resistance (left hand)
Wands
 q - a wand of digging (44)
 z - a wand of paralysis (45)
 D - a wand of scattershot (10)
 G - a wand of iceblast (13)
Scrolls
 g - a scroll of blinking
 l - 9 scrolls of teleportation
 E - 3 scrolls of enchant armour
 K - 10 scrolls of remove curse
Potions
 d - 3 potions of mutation
 e - a potion of heal wounds
 f - 4 potions of ambrosia
 h - 5 potions of lignification
 j - 8 potions of curing
 n - 3 potions of might {unknown}
 o - 2 potions of haste
 p - a potion of invisibility {unknown}
 r - a potion of experience {unknown}
 u - 3 potions of cancellation {unknown}
 I - 3 potions of brilliance {unknown}
 J - a potion of berserk rage {unknown}
 N - 3 potions of flight
Miscellaneous
 m - a phial of floods
 Y - a lamp of fire
Comestibles
 c - 28 rations


   Skills:
 * Level 15.9 Fighting
 * Level 15.9 Maces & Flails
 + Level 5.8 Throwing
 + Level 11.7 Armour
 - Level 8.3 Dodging
   Level 9.5 Shields


You had 13 spell levels left.
You didn't know any spells.

Dungeon Overview and Level Annotations

Branches:
Dungeon (15/15)            Temple (0/1) D:4            Lair (0/6) D:10
    Orc (2/2) D:11         Vaults (0/5) D:14         Depths (1/5) D:15
    Elf: Orc:2

Altars:
Cheibriados
Dithmenos
Elyvilon
Fedhas
Hepliaklqana
Trog
Wu Jian
Xom
Beogh

Shops:
Orc:1 [

Portals:
Trove: D:11 (give +4 shadow dragon scales)

Annotations:
D:12 3 runed doors


Innate Abilities, Weirdness & Mutations

You reflexively headbutt those who attack you in melee.
You have a pair of horns on your head.


Message History

Okay, then.
As you read the scroll of teleportation, it crumbles to dust.
You feel strangely unstable.
The deep troll bites you but does no damage.
The deep troll claws you but does no damage. x2
The deep troll shaman barely misses you.
The deep troll shaman misses you. The deep troll shaman claws you.
* * * LOW HITPOINT WARNING * * *
You feel much better. The deep troll shaman bites you!
The deep troll shaman claws you but does no damage. x2
The deep troll shaman bites you but does no damage.
The deep troll shaman claws you but does no damage.
The deep troll shaman claws you! The deep troll shaman bites you!
* * * LOW HITPOINT WARNING * * *
The deep troll shaman claws you!
* * * LOW HITPOINT WARNING * * *
The deep troll shaman claws you.
* * * LOW HITPOINT WARNING * * *
The deep troll shaman bites you!!
You die...

▒.........▒..▒..▒▒.......▒▒▒.▒▒▒▒▒▒▒'▒....▒ ▒..▒.
▒.....▒▒▒▒▒..▒..▒'...................'....▒▒▒▒..▒.
▒.▒.......▒T.▒?.▒▒...................▒.......▒..▒.
▒.▒.......▒▒...▒▒▒...................▒.▒▒..▒.▒..'.
▒.........▒▒▒.▒▒.▒.......▒.▒▒.▒▒..▒▒▒▒.(.....▒▒▒▒.
▒..........▒▒.▒..▒▒▒.....▒.▒▒.▒▒..▒....▒▒▒▒'▒▒▒▒▒.
▒..▒▒..▒......▒....▒.▒▒▒.▒.▒▒.▒▒..▒....▒.▒▒.....▒.
▒........▒.8..▒▒▒▒.'.....▒▒▒▒▒▒▒▒▒▒....▒.▒▒.▒▒..'.
▒..........T.▒▒..▒.▒▒.▒▒..............▒▒.▒▒.▒▒..▒▒
▒........▒T.▒▒...+.........▒...▒..▒▒▒.▒...........
▒........@T▒▒....▒▒.▒.▒▒..............▒▒'▒▒▒▒▒.▒▒▒
▒.........▒▒...▒▒▒▒.▒.▒▒.▒▒▒'▒........▒.....▒▒.▒..
▒.▒..▒..▒..▒...▒......▒..▒.?.▒.▒..▒▒▒.▒......▒.▒..
▒.▒..▒.........+......▒..'...▒....▒▒▒.▒......▒.▒..
▒..............▒.▒▒▒▒.▒▒.▒.▒▒▒........▒▒▒▒▒▒▒▒▒▒..
▒...▒▒▒▒▒▒▒▒▒▒▒▒.▒▒.▒....▒.▒...▒▒▒▒▒▒▒▒▒▒▒▒ ▒▒▒▒
▒.▒.▒ ▒........▒.▒....▒.▒.▒..........▒ ▒..▒
▒...▒▒▒▒▒▒▒▒▒▒▒▒▒▒▒▒▒....▒▒▒...▒▒'▒▒▒▒▒▒▒▒▒ ▒..▒
▒..........▒ ▒.'▒................▒▒▒▒▒▒▒..▒
▒.▒..▒▒....▒ ▒..▒.▒..▒....▒...▒▒.'.........
▒..........▒ ▒.'▒................▒▒▒▒▒▒▒▒▒▒
▒........▒▒▒ ▒....▒'▒▒▒▒▒▒▒▒▒...........▒.▒
▒.▒..▒▒▒.▒ ▒.▒...†........▒.▒..▒......▒.▒
▒........▒▒▒▒▒▒▒▒▒▒▒▒....▒▒▒▒..▒▒▒▒▒........▒▒.▒.▒
▒.....................▒▒.▒ ▒..▒...............'.▒
▒.....................▒▒.▒ ▒..▒...............▒▒▒
▒...........?.........▒▒.▒▒▒▒▒▒▒..........▒▒▒▒▒▒▒▒
▒..........▒▒▒▒▒▒▒▒▒▒.▒▒.▒................▒.......
▒....▒▒..▒.▒ ▒.....................'.......
▒..........▒ ▒▒▒▒▒▒................▒▒..▒▒▒▒
▒...▒'▒▒▒▒▒▒ ▒▒.....▒'▒▒▒▒▒....▒..▒... ▒.▒.▒.....▒
▒.▒...▒.....'....▒..▒... ▒.▒.▒.....▒
▒.▒...▒.....▒.▒▒.'..▒.▒▒ ▒.▒.▒.....▒
▒.....▒.....▒.▒▒.▒..'.▒▒
▒...▒▒'▒▒▒▒▒▒▒▒▒▒▒▒▒▒▒▒▒▒▒▒.....▒▒▒▒▒▒▒....▒▒▒▒...


You could see a deep troll and 2 deep troll shamans.

Vanquished Creatures
  The ghost of KristoblXynda the Basher, a journeyman OgGl of Yredelemnul (D:12)
  Harold (D:12)
  An ice dragon (D:15)
  Erolcha (Orc:1)
  A centaur warrior (D:14)
  2 hydras
  4 two-headed ogres
  A deep troll earth mage (Depths:1)
  A deep elf knight (D:14)
  4 unseen horrors
  4 skeletal warriors
  Pikel (D:8)
  An orange crystal statue (D:12)
  A harpy (D:12)
  A wolf spider zombie (D:13)
  4 deep elf magi
  2 orc knights
  19 ugly things
  2 manticores
  2 cyclopes
  Maurice (Orc:1)
  4 centaur zombies
  Joseph (D:7)
  2 gargoyles
  2 yaktaurs (D:14)
  A komodo dragon (shapeshifter) (D:15)
  A freezing wraith (D:15)
  An efreet (D:15)
  2 tengu conjurers
  The ghost of KristoblXynda the Cudgeler, an amateur OgGl (D:4)
  A komodo dragon (D:14)
  A meliai (shapeshifter) (D:15)
  4 trolls
  A hornet (D:12)
  Prince Ribbit (D:8)
  A slime creature (D:12)
  4 hippogriffs
  A centaur simulacrum (D:12)
  A spriggan (D:9)
  A vampire (D:13)
  5 yaks
  A wyvern (D:10)
  Eustachio (D:5)
  A hungry ghost (D:12)
  5 vampire mosquitoes
  Edmund (D:5)
  A water moccasin (D:13)
  A swamp drake (shapeshifter) (D:12)
  2 eyes of draining
  6 sky beasts
  A slave (D:8)
  7 ice beasts
  25 orc warriors
  A black bear (D:10)
  6 phantoms
  9 ogres
  A necrophage (D:9)
  21 centaurs
  A crocodile (D:7)
  2 big kobolds
  8 bullfrogs
  A water moccasin zombie (D:8)
  2 scorpions
  6 killer bees
  14 wights
  9 howler monkeys
  3 crimson imps
  3 quasits
  2 bullfrog zombies
  5 hounds
  3 jellies
  11 orc priests
  5 centaur skeletons
  A bullfrog skeleton (D:12)
  Natasha (thrice) (D:2)
  An iguana (D:8)
  28 orc wizards
  8 worker ants
  A bullfrog simulacrum (D:12)
  A hound zombie (D:6)
  2 hound skeletons
  A worker ant zombie (D:10)
  A howler monkey skeleton (D:11)
  6 gnolls (D:7)
  11 adders
  A hound simulacrum (D:10)
  2 oozes (D:2)
  3 adder skeletons (D:5)
  3 worms
  7 dart slugs
  5 leopard geckos
  90 orcs
  4 giant cockroaches
  2 goblins
  10 hobgoblins
  6 jackals
  17 kobolds
  5 quokkas
  A ball python (D:1)
  8 bats
  6 frilled lizards
  A jackal zombie (D:11)
  6 rats
497 creatures vanquished.

Vanquished Creatures (others)
  A slave (D:8)
  An orc wizard (D:8)
  2 orcs (D:8)
  A plant (Depths:1)
5 creatures vanquished.

Grand Total: 502 creatures vanquished

Notes
Turn   | Place    | Note
-------+----------+-------------------------------------------
     0 | D:1      | puck the Minotaur Berserker began the quest for the Orb.
     0 | D:1      | Reached XP level 1. HP: 19/19 MP: 0/0
   295 | D:1      | Reached XP level 2. HP: 12/27 MP: 1/1
  1509 | D:2      | Reached XP level 3. HP: 33/33 MP: 2/2
  1620 | D:2      | Noticed Natasha
  1627 | D:2      | Killed Natasha
  1779 | D:2      | Reached XP level 4. HP: 27/41 MP: 3/3
  1865 | D:2      | Reached ** piety under Trog
  2103 | D:2      | Found a snail-covered altar of Cheibriados.
  2111 | D:2      | Found a shadowy altar of Dithmenos.
  2112 | D:2      | Found a shimmering altar of Xom.
  2115 | D:2      | Found an ornate altar of the Wu Jian Council.
  2116 | D:2      | Found a hazy altar of Hepliaklqana.
  2168 | D:2      | Noticed Natasha
  2175 | D:2      | Killed Natasha
  2430 | D:2      | Noticed Natasha
  2441 | D:2      | Killed Natasha
  2441 | D:2      | Reached XP level 5. HP: 47/47 MP: 4/4
  2616 | D:3      | Reached skill level 5 in Fighting
  3049 | D:3      | Found a white marble altar of Elyvilon.
  3085 | D:3      | Reached skill level 5 in Maces & Flails
  3085 | D:3      | Reached skill level 1 in Shields
  3160 | D:3      | Found a bloodstained altar of Trog.
  3275 | D:3      | Upgraded the game from 0.22-a0-42-g002c468 to 0.22-a0-44-geb883ae
  3733 | D:4      | Noticed KristoblXynda's ghost (amateur OgGl)
  3747 | D:4      | Killed KristoblXynda's ghost
  3747 | D:4      | Reached XP level 6. HP: 42/57 MP: 5/5
  4080 | D:4      | Found a staircase to the Ecumenical Temple.
  4109 | D:4      | Reached XP level 7. HP: 53/63 MP: 6/6
  4791 | D:5      | Entered Level 5 of the Dungeon
  5072 | D:5      | Noticed Eustachio
  5078 | D:5      | Reached *** piety under Trog
  5084 | D:5      | Killed Eustachio
  5227 | D:5      | Found the +3 pair of gauntlets of War {Slay+5}
  5256 | D:5      | Reached XP level 8. HP: 59/71 MP: 7/7
  5539 | D:5      | Noticed Edmund
  5551 | D:5      | Killed Edmund
  5709 | D:6      | Reached skill level 5 in Armour
  5709 | D:6      | Reached skill level 5 in Shields
  6692 | D:7      | Reached skill level 5 in Dodging
  6801 | D:7      | Reached XP level 9. HP: 74/81 MP: 8/8
  6805 | D:7      | Noticed Joseph
  6818 | D:7      | Killed Joseph
  7158 | D:7      | Reached **** piety under Trog
  7198 | D:7      | Found a shimmering altar of Xom.
  7699 | D:8      | Noticed a two-headed ogre
  7707 | D:8      | Killed a two-headed ogre
  7709 | D:8      | Reached XP level 10. HP: 84/92 MP: 2/9
  7869 | D:8      | Noticed a two-headed ogre
  7879 | D:8      | Killed a two-headed ogre
  7879 | D:8      | Reached skill level 10 in Fighting
  7879 | D:8      | Reached skill level 10 in Maces & Flails
  7900 | D:8      | Noticed Pikel
  7922 | D:8      | Killed Pikel
  8411 | D:8      | Noticed Prince Ribbit
  8672 | D:8      | Killed Prince Ribbit
  8985 | D:9      | Noticed a two-headed ogre
  8993 | D:9      | Killed a two-headed ogre
  9255 | D:9      | Reached XP level 11. HP: 101/101 MP: 10/10
  9263 | D:9      | Reached ***** piety under Trog
  9456 | D:9      | Found a roughly hewn altar of Beogh.
  9560 | D:9      | Noticed a two-headed ogre
  9571 | D:9      | Killed a two-headed ogre
  9910 | D:10     | Entered Level 10 of the Dungeon
 10160 | D:10     | Found a staircase to the Lair.
 10332 | D:10     | Killed an unseen horror
 10728 | D:10     | Got a steaming turquoise ring
 10751 | D:10     | Killed an unseen horror
 10848 | D:10     | Identified the ring "Zit Xyax" {+Fly SInv} (You took it off a wight on level 10 of the Dungeon)
 11517 | D:11     | Received a gift from Trog
 11530 | D:11     | Noticed a purple ugly thing
 11535 | D:11     | Noticed a purple ugly thing
 11541 | D:11     | Killed a purple ugly thing
 11543 | D:11     | Killed a purple ugly thing
 11896 | D:11     | Reached XP level 12. HP: 101/112 MP: 3/11
 12181 | D:11     | Found a portal to a secret trove of treasure.
 12576 | D:11     | Found a staircase to the Orcish Mines.
 12724 | Orc:1    | Entered Level 1 of the Orcish Mines
 12730 | Orc:1    | Reached ****** piety under Trog
 12811 | Orc:1    | Noticed Maurice
 12817 | Orc:1    | Killed Maurice
 12817 | Orc:1    | Received a gift from Trog
 12874 | Orc:1    | Found Zezec's Armour Boutique.
 13021 | Orc:1    | Found a roughly hewn altar of Beogh.
 13022 | Orc:1    | Noticed Erolcha
 13038 | Orc:1    | Killed Erolcha
 13038 | Orc:1    | Reached skill level 1 in Throwing
 13235 | Orc:2    | Entered Level 2 of the Orcish Mines
 13262 | Orc:2    | Noticed a two-headed ogre
 13667 | D:12     | Reached skill level 10 in Armour
 13739 | D:12     | Received a gift from Trog
 13826 | D:12     | Received a gift from Trog
 14016 | D:12     | Found a runed door.
 14074 | D:12     | Found a runed door.
 14122 | D:12     | Noticed KristoblXynda's ghost (journeyman OgGl)
 14159 | D:12     | Found a runed door.
 14437 | D:12     | Killed KristoblXynda's ghost
 14462 | D:12     | Found a runed door.
 14579 | D:12     | Noticed Harold
 14589 | D:12     | Killed Harold
 15080 | D:13     | Reached XP level 13. HP: 123/123 MP: 4/12
 16409 | D:14     | Found a blossoming altar of Fedhas.
 16468 | D:14     | Received a gift from Trog
 16468 | D:14     | Reached skill level 15 in Fighting
 16468 | D:14     | Reached skill level 15 in Maces & Flails
 16717 | D:14     | Found a gate to the Vaults.
 16907 | D:14     | Reached skill level 5 in Throwing
 17063 | D:15     | Entered Level 15 of the Dungeon
 17126 | D:15     | Found a labyrinth entrance.
 18377 | D:15     | Reached XP level 14. HP: 93/135 MP: 13/13
 18455 | D:15     | Found a staircase to the Depths.
 18722 | Depths:1 | Entered Level 1 of the Depths
 18922 | D:15     | Demolished by a deep troll shaman

Vault maps used:
D:1:      dpeg_arrival_shelter
D:2:      minitemple, uniq_natasha
D:3:      lightli_temple_of_fire, minmay_misc_feat_four_crosses,
          elyvilon_altar_5
D:4:      minmay_temple_entry_junction_2, first_ration, minmay_fountain_box
D:5:      uniq_edmund, uniq_eustachio
D:6:      grunt_decor_mini_mirrors, nicolae_lava_and_water
D:7:      xom_teletrap_fun, uniq_joseph
D:8:      kennysheep_spiral_hall, uniq_prince_ribbit1, uniq_pikel
D:9:      serial_corexii_hall, corexii_hall_statues_x, corexii_hall_statues_l,
          the_bakery
D:10:     minmay_the_grid_octo_tiled_squarecenter, lair_entry_dummy,
          kennysheep_generic_room_6
D:11:     david_orc_4, trove_entry_hex_spiral
D:12:     minmay_triangles_in_corner, minmay_statue_crystal_thing, uniq_harold
D:13:     minmay_sticks_and_stones
D:14:     hangedman_vaults_entry_quadrant_bands, fedhas_altar_2
D:15:     grunt_enter_depths_hoard, lab_entry_generic, evilmike_butchery
Orc:1:    serial_shops, shop, shop, nicolae_orc_lost_temple, uniq_maurice,
          uniq_erolcha
Orc:2:    pubby_orc_utopia
Depths:1: rand_demon_pan_entry_3, hell_entry, roderic_serpentine_path, hex_tiny,
          serial_bayou_pond_c, kennysheep_generic_room_2, serial_bayou_shore_b

Skill      XL: |  1  2  3  4  5  6  7  8  9 10 11 12 13 |
---------------+----------------------------------------+-----
Fighting       | 4 5 6 8 9 11 12 14 15 | 15.9
Maces & Flails | 4 5 6 8 9 11 12 14 15 | 15.9
Armour         | 3 4 5 6 7 9 10 11 | 11.7
Dodging        | 3 4 5 6 7 8 |  8.3
Shields        | 2 3 4 6 7 8 9 |  9.5
Throwing       | 3 5 |  5.8

Action                   |  1- 3 |  4- 6 |  7- 9 | 10-12 | 13-15 || total
-------------------------+-------+-------+-------+-------+-------++-------
Melee: Mace              |    71 |   103 |   109 |       |       ||   283
       Headbutt          |     9 |    19 |    46 |   143 |    76 ||   293
       Flail             |       |       |   153 |    64 |       ||   217
       Whip              |       |       |       |   253 |       ||   253
       Morningstar       |       |       |       |   334 |   268 ||   602
       Great mace        |       |       |       |    11 |       ||    11
Throw: Tomahawk          |       |       |       |    13 |    63 ||    76
       Javelin           |       |       |       |     3 |     4 ||     7
Invok: Berserk           |     1 |     5 |     5 |    20 |     5 ||    36
       Burn Spellbooks   |       |       |     1 |     1 |     2 ||     4
  Use: Scroll            |       |       |     2 |     7 |    15 ||    24
       Potion            |       |       |       |     1 |     3 ||     4
  Eat: Chunk             |     4 |     6 |    17 |    30 |     3 ||    60
       Ration            |       |     2 |     1 |     3 |     4 ||    10
Armor: Animal skin       |     2 |       |       |       |       ||     2
       Ring mail         |    22 |    37 |    58 |    88 |       ||   205
       Plate armour      |       |       |       |   126 |   210 ||   336
Dodge: Dodged            |    39 |    45 |    72 |   221 |   138 ||   515
Block: Large shield      |       |    35 |   231 |   240 |       ||   506

Table legend:
 A = Spawn XP
 B = Non-spawn XP
 C = Spawn XP percentage of total XP
 D = Spawn monster count
 E = Non-spawn monster count
 F = Spawn count percentage of total count
 G = Total turns spent on level
                    A         B        C        D         E        F      G
               +---------+---------+-------+---------+---------+-------+---------
         Total |       0 |   68558 |   0.0 |       0 |     496 |   0.0 | 18922
               +---------+---------+-------+---------+---------+-------+---------
           D:1 |       0 |      30 |   0.0 |       0 |      15 |   0.0 |  1334
           D:2 |       0 |     167 |   0.0 |       0 |      27 |   0.0 |  1202
           D:3 |       0 |      91 |   0.0 |       0 |      14 |   0.0 |   965
           D:4 |       0 |     597 |   0.0 |       0 |      11 |   0.0 |  1290
           D:5 |       0 |     897 |   0.0 |       0 |      25 |   0.0 |   910
           D:6 |       0 |     433 |   0.0 |       0 |       7 |   0.0 |   908
           D:7 |       0 |    2067 |   0.0 |       0 |      43 |   0.0 |  1042
           D:8 |       0 |    4420 |   0.0 |       0 |      25 |   0.0 |  1267
           D:9 |       0 |    4896 |   0.0 |       0 |      56 |   0.0 |   992
          D:10 |       0 |    6443 |   0.0 |       0 |      51 |   0.0 |  1579
          D:11 |       0 |    3774 |   0.0 |       0 |      43 |   0.0 |  1710
          D:12 |       0 |    9155 |   0.0 |       0 |      42 |   0.0 |  1141
          D:13 |       0 |    5736 |   0.0 |       0 |      23 |   0.0 |   749
          D:14 |       0 |   14400 |   0.0 |       0 |      35 |   0.0 |  1705
          D:15 |       0 |    9888 |   0.0 |       0 |      35 |   0.0 |  1523
         Orc:1 |       0 |    3515 |   0.0 |       0 |      30 |   0.0 |   521
         Orc:2 |       0 |     155 |   0.0 |       0 |      11 |   0.0 |    47
      Depths:1 |       0 |    1894 |   0.0 |       0 |       3 |   0.0 |    37
               +---------+---------+-------+---------+---------+-------+---------
